 Dungeon Crawl Stone Soup version 0.30.1-4-g462c640d31 (webtiles) character file.

Game seed: 11714988469950649323

91760 spardeous the Thaumaturge (level 15, -4/113 HPs)
             Began as a Demigod Conjurer on Sept 1, 2023.
             Slain by a demonic crawler (10 damage)
             ... on level 1 of the Spider Nest.
             The game lasted 01:13:55 (40304 turns).

spardeous the Thaumaturge (Demigod Conjurer)       Turns: 40304, Time: 01:13:55

Health: -4/113     AC: 15    Str: 22    XL:     15   Next: 14%
Magic:  4/47       EV: 15    Int: 32    God:
Gold:   1832       SH: 20    Dex: 18    Spells: 24/43 levels left

rFire   + + .        m - +5 dagger (venom)
rCold   + . .        w - +0 tower shield
rNeg    . . .        h - +3 ring mail
rPois   +            g - +3 helmet "Lolyem" {Dex+5}
rElec   .            U - +0 cloak
rCorr   +            A - +0 pair of gloves
SInv    .            s - +1 pair of boots of Floral Wonder {Dex+4}
Will    .....        X - amulet of the Evening {Reflect rPois rF++ Will- rCorr SH+5}
Stlth   +            f - ring of Oppis {EV+5 Str+2 Int+4 Dex-3}
HPRegen 0.38/turn    q - ring of Sotwapp {rC+ MP+9}
MPRegen 0.30/turn

%: reflection
@: corroded, slowed, very slow
A: high MP 1, forlorn, divine attributes
a: no special abilities


You were on level 1 of the Spider Nest.
You visited 4 branches of the dungeon, and saw 22 of its levels.
You also visited: Sewer, Bailey and Gauntlet.

You collected 2294 gold pieces.
You spent 462 gold pieces at shops.

Inventory:

Hand Weapons
 m - a +5 dagger of venom (weapon)
Armour
 g - the +3 helmet "Lolyem" (worn) {Dex+5}
   (You found it on level 8 of the Dungeon)

   Dex:       It affects your dexterity (+5).
 h - a +3 ring mail (worn)
 s - the +1 pair of boots of Floral Wonder (worn) {Dex+4}
   (You found it on level 5 of the Lair of Beasts)

   Dex:       It affects your dexterity (+4).
 u - the +4 moon troll leather armour {Spirit, Regen++ MP+5}
   (You took it off a minotaur in a Gauntlet)

   MP:        It affects your magic capacity (+5).
   Regen:     It increases your rate of health regeneration.
 w - a +0 tower shield (worn)
 A - a +0 pair of gloves (worn)
 R - a +2 scale mail of poison resistance
 U - a +0 cloak (worn)
 Z - a +0 buckler
Magical Staves
 O - the staff of cold "Ydaylow" {rC+ Will- Str+6}
   (You found it on level 14 of the Dungeon)

   [staff of cold]

   Base accuracy: +5 Base damage: 5 Base attack delay: 1.2 This weapon's minimum
   attack delay (0.6) is reached at skill level 12.
   Str:       It affects your strength (+6).
   rC:        It protects you from cold.
   Will:      It decreases your willpower.
   It falls into the 'Staves' category.
   It is a one-handed weapon.
Jewellery
 f - the ring of Oppis (left hand) {EV+5 Str+2 Int+4 Dex-3}
   (You found it in a Gauntlet)

   [ring of evasion]

   EV:        It affects your evasion (+5).
   Str:       It affects your strength (+2).
   Int:       It affects your intelligence (+4).
   Dex:       It affects your dexterity (-3).
 q - the ring of Sotwapp (right hand) {rC+ MP+9}
   (You took it off a minotaur in a Gauntlet)

   [ring of magical power]

   rC:        It protects you from cold.
   MP:        It affects your magic capacity (+9).
 I - a ring of see invisible
 M - a ring of flight
 X - the amulet of the Evening (around neck) {Reflect rPois rF++ Will- rCorr SH+5}
   (You took it off an orc on level 12 of the Dungeon)

   [amulet of reflection]

   It reflects blocked missile attacks.
   rF:        It greatly protects you from fire.
   rPois:     It protects you from poison.
   rCorr:     It protects you from acid and corrosion.
   SH:        It affects your SH (+5).
   Will:      It decreases your willpower.
Wands
 y - a wand of digging (4)
 B - a wand of iceblast (34)
 T - a wand of flame (26)
 W - a wand of mindburst (5)
 Y - a wand of polymorph (8)
Scrolls
 a - 8 scrolls of immolation
 e - a scroll of silence
 i - 4 scrolls of enchant weapon
 n - 4 scrolls of magic mapping
 o - a scroll of poison
 r - 5 scrolls of amnesia
 z - 3 scrolls of summoning
 D - 10 scrolls of teleportation
 E - 5 scrolls of blinking
 H - 6 scrolls of fear
 J - a scroll of brand weapon
 K - 3 scrolls of enchant armour
 Q - 3 scrolls of fog
Potions
 b - 3 potions of magic
 c - 5 potions of resistance
 d - 5 potions of heal wounds
 j - 2 potions of flight
 k - 12 potions of curing
 l - 6 potions of lignification {unknown}
 v - 8 potions of might
 x - 2 potions of berserk rage
 C - 5 potions of haste
 F - 3 potions of attraction
 G - 3 potions of ambrosia
 L - a potion of invisibility
 N - 2 potions of mutation
 P - a potion of cancellation
 V - 2 potions of brilliance
Miscellaneous
 t - a piece from Xom's chessboard (15/15)
 S - a phial of floods


   Skills:
 + Level 5.0 Fighting
 - Level 8.5 Armour
 - Level 4.0 Dodging
 - Level 1.7 Stealth
 - Level 6.3 Shields
 - Level 14.5 Spellcasting
 - Level 12.0 Conjurations
 - Level 5.5 Necromancy
 - Level 10.2 Translocations
 - Level 5.0 Transmutations


You had 24 spell levels left.
You knew the following spells:

 Your Spells              Type           Power      Damage    Failure   Level
a - Magic Dart            Conj           100%       1d8       1%          1
c - Iskenderun's Mystic   Conj/Tloc      76%        2d15      1%          4
d - Fulminant Prism       Conj/Hex       29%        3d14      13%         4
e - Necrotise             Necr           100%       1d9       1%          1
f - Ignite Poison         Fire/Tmut/Pois 34%        N/A       22%         3
g - Summon Small Mammal   Summ           92%        N/A       16%         1
i - Iskenderun's Battles  Conj           79%        2d13      3%          5

Your spell library contained the following spells:

 Spells                   Type           Power      Damage    Failure   Level
 Apportation              Tloc           100%       N/A       1%          1
 Shock                    Conj/Air       100%       1d9       1%          1
 Lesser Beckoning         Tloc           100%       N/A       1%          2
 Searing Ray              Conj           100%       2d8       1%          2
 Gell's Gravitas          Tloc           73%        N/A       1%          3
 Teleport Other           Tloc           73%        N/A       1%          3
 Dazzling Flash           Conj/Hex       100%       N/A       3%          3
 Vampiric Draining        Necr           55%        2d9       4%          3
 Portal Projectile        Hex/Tloc       100%       N/A       5%          3
 Volatile Blastmotes      Fire/Tloc      100%       2d18      5%          3
 Cigotuvi's Dreadful Rot  Necr/Pois/Air  70%        N/A       11%         2
 Animate Dead             Necr           55%        N/A       16%         4
 Dispel Undead            Necr           55%        3d20      16%         4
 Call Canine Familiar     Summ           23%        N/A       41%         3
 Ozocubu's Armour         Ice            23%        N/A       41%         3
 Swiftness                Air            23%        N/A       41%         3
 Freezing Cloud           Conj/Ice/Air   24%        6-21      63%         5
 Airstrike                Air            11%        2d(2-18)  83%         4
 Leda's Liquefaction      Hex/Erth       11%        N/A       83%         4
 Summon Ice Beast         Ice/Summ       23%        N/A       83%         4
 Iron Shot                Conj/Erth      29%        9d6       89%         6
 Lee's Rapid Deconstruct  Erth           11%        3d8*      99%         5
 Summon Mana Viper        Hex/Summ       23%        N/A       99%         5
 Monstrous Menagerie      Summ           11%        N/A       100%        7
 Ozocubu's Refrigeration  Ice            11%        4d10      100%        7
 Spellforged Servitor     Conj/Summ      29%        N/A       100%        7
 Dragon's Call            Summ           11%        N/A       100%        9


Dungeon Overview and Level Annotations

Branches:
Dungeon (14/15)            Temple (0/1) D:7            Lair (5/5) D:9
  Swamp (0/4) Lair:3       Spider (1/4) Lair:3        Slime (0/5) Lair:5
    Orc (2/2) D:12            Elf (0/3) Orc:2        Vaults (0/5) D:13
  Sewer (visited)          Bailey (visited)         Gauntlet (visited)

Shops:
D:7 !   D:8 *   Orc:2 **[?

Portals:
Abyss: Lair:5

Annotations:
D:14 Jorgrun
Spider:1 Asterion


Innate Abilities, Weirdness & Mutations

You have an increased reservoir of magic. (+10% MP)
You shall have no god before yourself.
Your divine heritage dramatically boosts your attributes as you level up.


Message History

The demonic crawler is knocked back by the mystic blast.
The mystic blast hits the demonic crawler!
The demonic crawler is moderately wounded.
The demonic crawler is knocked back by the mystic blast.
Your battlesphere fires!
The barrage of energy hits the demonic crawler!
The demonic crawler is heavily wounded.
You block the Executioner's attack. The Executioner barely misses you.
You block the Executioner's attack.
Asterion conjures a destructive force in the name of Makhleb!
The bolt of lightning misses you.
A tarantella comes into view.
The tarantella misses you.
You hear a faint skittering sound. x6
Your Fighting skill increases to level 5!
You regained 2 hp, and now have 47/113 hp.
You now have 4/47 mp.
You block the Executioner's attack.
The Executioner hits you but does no damage.
You block the Executioner's attack. The Executioner closely misses you.
The Executioner hits you!
* * * LOW HITPOINT WARNING * * *
The Executioner hits you but does no damage.
The Executioner barely misses you.
The Executioner hits you but does no damage.
The Executioner hits you!
* * * LOW HITPOINT WARNING * * *
The tarantella misses you. The demonic crawler misses you.
You block the demonic crawler's attack. The demonic crawler hits you!
* * * LOW HITPOINT WARNING * * *
The Executioner hits you but does no damage. x3
You block the tarantella's attack. The demonic crawler closely misses you.
You block the demonic crawler's attack.
The demonic crawler hits you but does no damage.
The demonic crawler hits you!
* * * LOW HITPOINT WARNING * * *
The demonic crawler barely misses you. The demonic crawler hits you!
* * * LOW HITPOINT WARNING * * *
The demonic crawler closely misses you. The demonic crawler hits you!
You die...

...............
...............
........#......
....*..†......#
#...s........
#....†..... .
......sss##...>
......s@.....#
....###s1....^.
. #........
#...w....
..#H.....
....s##..
...$.. ^
........


You could see Asterion, an Executioner (summoned, fast), a torpor snail, 4
demonic crawlers, a culicivora, 2 tarantellas and a friendly battlesphere.

Vanquished Creatures
  Rupert (D:13)
  Frances (D:12)
  A minotaur (Gauntlet)
  2 ettins (Orc:1)
  An entropy weaver (Spider:1)
  2 salamander tyrants (D:14)
  3 vault guards
  5 centaur warriors
  4 hydras
  An ogre mage (D:14)
  4 boulder beetles
  5 two-headed ogres
  5 death yaks (Lair:3)
  A death scarab (Gauntlet)
  2 thrashing horrors (Lair:5)
  Urug (D:12)
  A skyshark (Lair:2)
  A flayed ghost (D:13)
  3 wizards (D:14)
  Pikel (D:7)
  5 deep elf pyromancers
  4 orc knights
  5 oklob plants (Lair:5)
  2 wolf spiders (Spider:1)
  An orc sorcerer (Orc:1)
  A manticore (D:11)
  8 ugly things
  3 cyclopes
  A smoke demon (Lair:5)
  10 cane toads
  An ice statue (Lair:2)
  3 black mambas
  A gargoyle (D:13)
  An unseen horror (D:11)
  3 rime drakes
  10 komodo dragons
  A kobold demonologist (D:12)
  Psyche (D:8)
  4 tengu conjurers
  A freezing wraith (Lair:2)
  An efreet (D:14)
  An ice devil (Gauntlet)
  2 ancient zymes (Lair:5)
  5 trolls
  A meliai (D:11)
  2 hornets
  3 polar bears
  2 tyrant leeches (Lair:3)
  Prince Ribbit (D:6)
  3 tarantellas (Spider:1)
  22 blink frogs
  5 dream sheep (Lair:4)
  Sigmund (D:3)
  10 flying skulls (Gauntlet)
  3 shadows
  22 slime creatures
  A spriggan (Lair:5)
  35 yaks
  4 ynoxinuls (Lair:5)
  5 wraiths
  A spectral komodo dragon (Gauntlet)
  A water elemental (D:12)
  2 wyverns (Lair:1)
  A basilisk (shapeshifter) (D:13)
  6 humans (Bailey)
  4 redbacks
  7 basilisks
  A chaos spawn (Lair:5)
  A steam dragon (D:9)
  4 vampire mosquitoes
  The ghost of spardeous the Conjurer, an amateur DgCj (D:4)
  3 large abominations (Lair:5)
  6 wargs
  4 acid dragons
  A swamp worm (Lair:3)
  11 water moccasins
  A water moccasin (shapeshifter) (Lair:5)
  A meliai simulacrum (D:14)
  40 orc warriors
  6 ice beasts (Lair:2)
  3 black bears
  4 boggarts (D:14)
  6 wolves (Lair:3)
  9 ogres
  The ghost of turdburglar the Insei, an amateur DsTm of Dithmenos (D:3)
  22 centaurs
  4 lemures
  14 small abominations (Lair:5)
  4 phantoms
  Blork the orc (D:6)
  4 kobold brigands
  22 bullfrogs
  A gnoll sergeant (D:9)
  3 wights (D:8)
  2 jellies
  2 howler monkeys (D:9)
  6 electric eels
  23 orc priests
  4 hounds
  A sleepcap (D:4)
  4 iguanas
  27 orc wizards
  5 hell rats
  13 gnolls
  8 adders
  2 river rats (Sewer)
  A shadow imp (D:8)
  6 white imps
  An ufetubus (D:2)
  2 worms (D:4)
  2 dart slugs
  83 orcs
  10 ball pythons
  4 bats
  9 endoplasms
  A giant cockroach (D:4)
  8 goblins
  7 hobgoblins
  8 jackals (D:1)
  3 quokkas
  2 frilled lizards
  31 kobolds
  14 rats
729 creatures vanquished.

Vanquished Creatures (others)
  27 fulminant prisms
27 creatures vanquished.

Grand Total: 756 creatures vanquished

Notes
Turn   | Place    | Note
-------+----------+-------------------------------------------
     0 | D:1      | spardeous the Demigod Conjurer began the quest for the Orb.
     0 | D:1      | Reached XP level 1. HP: 14/14 MP: 5/5
   119 | D:1      | Reached skill level 2 in Spellcasting
   223 | D:1      | Reached XP level 2. HP: 20/20 MP: 3/7
   866 | D:1      | Reached XP level 3. HP: 26/26 MP: 1/9
  1426 | D:2      | Learned a level 2 spell: Searing Ray
  3524 | D:3      | Found a runed translucent door.
  3535 | D:3      | Reached skill level 3 in Spellcasting
  3535 | D:3      | Reached XP level 4. HP: 27/33 MP: 2/11
  3613 | D:3      | Noticed turdburglar's ghost (amateur DsTm)
  4184 | D:3      | Noticed Sigmund
  4193 | D:3      | Killed Sigmund
  4194 | D:3      | Reached skill level 4 in Spellcasting
  4194 | D:3      | Reached skill level 5 in Conjurations
  4194 | D:3      | Reached XP level 5. HP: 38/38 MP: 1/14
  4601 | D:4      | Reached XP level 6. HP: 34/45 MP: 15/15
  4758 | D:4      | Found a glowing drain.
  4773 | Sewer    | Entered a sewer
  4903 | Sewer    | Learned a level 4 spell: Iskenderun's Mystic Blast
  5557 | D:4      | Reached XP level 7. HP: 50/50 MP: 17/17
  5706 | D:4      | Reached skill level 5 in Spellcasting
  5767 | D:4      | Found a runed translucent gate.
  5767 | D:4      | Found a runed translucent gate.
  5767 | D:4      | Noticed spardeous's ghost (amateur DgCj)
  5768 | D:4      | Found a runed translucent gate.
  6285 | D:5      | Entered Level 5 of the Dungeon
  7195 | D:5      | Reached skill level 6 in Spellcasting
  7250 | D:5      | Reached XP level 8. HP: 43/57 MP: 20/20
  7360 | D:5      | Noticed a troll
  7369 | D:5      | Killed a troll
  7985 | D:5      | Reached skill level 1 in Translocations
  8141 | D:6      | Noticed Pikel
  8235 | D:6      | Noticed Blork the orc
  8261 | D:7      | Found a staircase to the Ecumenical Temple.
  8670 | D:6      | Noticed Prince Ribbit
  8685 | D:7      | Killed Pikel
  8686 | D:7      | Reached XP level 9. HP: 60/62 MP: 16/22
  8768 | D:6      | Killed Blork the orc
  8772 | D:6      | Killed Prince Ribbit
  9210 | D:7      | Found Qafi's Distillery.
  9214 | D:7      | Bought a potion of heal wounds for 60 gold pieces
  9931 | D:4      | Killed spardeous's ghost
  9932 | D:4      | Reached skill level 7 in Spellcasting
 10055 | D:3      | Killed turdburglar's ghost
 10543 | D:8      | Noticed Psyche
 10547 | D:8      | Reached skill level 8 in Spellcasting
 10575 | D:8      | Killed Psyche
 10704 | D:7      | Learned a level 4 spell: Fulminant Prism
 10710 | D:8      | Reached XP level 10. HP: 64/69 MP: 27/27
 10807 | D:8      | Found Pew Etala's Serpentskin Sales.
 10811 | D:8      | Reached skill level 9 in Spellcasting
 10925 | D:8      | Identified the +2 leather armour of Himnoono {+Inv rN+
                  | Int-5}
 10943 | D:8      | Identified the +3 helmet "Lolyem" {Dex+5}
 12102 | D:9      | Found a staircase to the Lair.
 12980 | D:9      | Reached skill level 10 in Spellcasting
 13141 | D:10     | Entered Level 10 of the Dungeon
 13169 | D:10     | Noticed a two-headed ogre
 13188 | D:10     | Killed a two-headed ogre
 13218 | D:10     | Learned a level 1 spell: Necrotise
 13223 | D:10     | Learned a level 3 spell: Ignite Poison
 13314 | D:10     | Found a flagged portal.
 13329 | Bailey   | Entered a bailey
 13582 | Bailey   | Reached skill level 10 in Conjurations
 13778 | Bailey   | Noticed a vault guard
 13803 | Bailey   | Killed a vault guard
 13804 | Bailey   | Reached XP level 11. HP: 42/74 MP: 29/29
 13943 | Bailey   | Noticed a vault guard
 13969 | Bailey   | Killed a vault guard
 14519 | D:10     | Reached skill level 1 in Armour
 15440 | D:11     | Noticed a boulder beetle
 15561 | D:10     | Learned a level 1 spell: Summon Small Mammal
 15563 | D:11     | Noticed a centaur warrior
 16109 | D:11     | Killed a centaur warrior
 16110 | D:11     | Reached skill level 5 in Armour
 16448 | D:11     | Killed a boulder beetle
 16490 | D:11     | Noticed a boulder beetle
 16501 | D:11     | Killed a boulder beetle
 16502 | D:11     | Reached skill level 10 in Translocations
 17647 | D:12     | Noticed Frances
 17651 | D:12     | Noticed a soul eater
 17658 | D:12     | Noticed a deep elf pyromancer
 19487 | D:12     | Killed a deep elf pyromancer
 19488 | D:12     | Reached XP level 12. HP: 48/81 MP: 23/30
 19615 | D:12     | Learned a level 5 spell: Iskenderun's Battlesphere
 19846 | D:12     | Killed Frances
 20537 | D:12     | Noticed Urug
 20545 | D:12     | Killed Urug
 20692 | D:12     | Found a staircase to the Orcish Mines.
 20718 | D:12     | Identified the amulet of the Evening {Reflect rPois rF++
                  | Will- rCorr SH+5}
 21803 | D:12     | Found a staircase to the Orcish Mines.
 21917 | D:12     | Reached skill level 11 in Spellcasting
 22680 | D:13     | Noticed a boulder beetle
 22709 | D:13     | Killed a boulder beetle
 22982 | D:13     | Noticed Rupert
 23002 | D:13     | Killed Rupert
 23476 | D:13     | Reached skill level 12 in Spellcasting
 23521 | D:13     | Noticed a vault guard
 23528 | D:13     | Killed a vault guard
 23821 | D:13     | Found a gate to the Vaults.
 24233 | D:13     | Found a gate to the Vaults.
 24513 | D:14     | Noticed a five-headed hydra
 24519 | D:14     | Killed a five-headed hydra
 24618 | D:14     | Noticed a five-headed hydra
 24723 | D:14     | Noticed a centaur warrior
 24727 | D:14     | Killed a centaur warrior
 25026 | D:14     | Reached XP level 13. HP: 86/86 MP: 30/34
 25038 | D:14     | Reached skill level 13 in Spellcasting
 25247 | D:14     | Paralysed by an ogre mage for 3 turns
 25959 | D:14     | Reached skill level 14 in Spellcasting
 26509 | D:14     | Reached skill level 1 in Transmutations
 27093 | D:14     | Identified the staff of cold "Ydaylow" {rC+ Will- Str+6}
 27148 | D:14     | Noticed Jorgrun
 27371 | Lair:1   | Entered Level 1 of the Lair of Beasts
 27541 | Lair:1   | Found the +11 plutonium sword {Contam Stlth-}
 28468 | Lair:2   | You fall into a shaft and drop 1 floor!
 28542 | Lair:2   | Found a gate leading to a gauntlet.
 28572 | Gauntlet | Entered a Gauntlet
 28572 | Gauntlet | Found a transporter.
 28572 | Gauntlet | Found a transporter.
 28652 | Gauntlet | Found a transporter.
 28667 | Gauntlet | Found a transporter.
 28681 | Gauntlet | Found a transporter.
 28694 | Gauntlet | Found a transporter.
 28775 | Gauntlet | Found a transporter.
 28786 | Gauntlet | Found a transporter.
 28808 | Gauntlet | Found a transporter.
 28815 | Gauntlet | Found a transporter.
 28831 | Gauntlet | Found a transporter.
 28898 | Gauntlet | Found a transporter.
 28912 | Gauntlet | Found a transporter.
 28918 | Gauntlet | Found a transporter.
 28942 | Gauntlet | Found a transporter.
 28952 | Gauntlet | Found a transporter.
 28978 | Gauntlet | Reached skill level 1 in Shields
 29333 | Gauntlet | Got the Folio of the Crushed Wars
 29338 | Gauntlet | Identified the ring of Oppis {EV+5 Str+2 Int+4 Dex-3}
 29418 | Gauntlet | Identified the ring of Sotwapp {rC+ MP+9}
 29418 | Gauntlet | Noticed a minotaur
 29428 | Gauntlet | Killed a minotaur
 31159 | Lair:3   | Reached skill level 5 in Shields
 31159 | Lair:3   | Reached XP level 14. HP: 84/93 MP: 37/37
 31612 | Lair:3   | Found a staircase to the Swamp.
 31825 | Lair:3   | Found a hole to the Spider Nest.
 33895 | Lair:5   | Entered Level 5 of the Lair of Beasts
 34039 | Lair:5   | Reached skill level 1 in Necromancy
 34619 | Lair:5   | Found a staircase to the Slime Pits.
 36170 | Lair:5   | Found a one-way gate to the infinite horrors of the Abyss.
 36236 | Lair:5   | Identified the +1 pair of boots of Floral Wonder {Dex+4}
 37297 | Orc:1    | Entered Level 1 of the Orcish Mines
 37561 | Orc:2    | Entered Level 2 of the Orcish Mines
 37582 | Orc:2    | Reached skill level 5 in Transmutations
 37837 | Orc:2    | Reached skill level 5 in Necromancy
 38152 | Orc:2    | Found a staircase to the Elven Halls.
 38397 | Orc:2    | Reached skill level 1 in Fighting
 38685 | Orc:2    | Found Tymorph's Armour Emporium.
 38685 | Orc:2    | Found Oveumile's Assorted Antiques.
 38687 | Orc:2    | Found Akhodeiz's General Store.
 38689 | Orc:2    | Found Ytexekoe's Magic Scroll Shoppe.
 38696 | Orc:2    | Bought a potion of curing for 42 gold pieces
 38696 | Orc:2    | Bought a scroll of identify for 28 gold pieces
 38859 | Orc:1    | Reached XP level 15. HP: 96/104 MP: 37/38
 40071 | Orc:2    | Bought a brightly glowing helmet for 332 gold pieces
 40071 | Orc:2    | Identified the +0 helmet "Qiutomoq" {Str+2} (You bought it
                  | in a shop on level 2 of the Orcish Mines)
 40289 | Spider:1 | Entered Level 1 of the Spider Nest
 40300 | Spider:1 | Noticed Asterion
 40301 | Spider:1 | Noticed an Executioner
 40304 | Spider:1 | Reached skill level 5 in Fighting
 40304 | Spider:1 | Slain by a demonic crawler

Illustrated notes

Levels and vault maps discovered:
D:1:      spicycebolla_arrival_clurvy, layout_basic, chequers_decorated_corner
D:2:      layout_basic, chequers_ecumenical_altar_simple_redux,
          nicolae_concentric_dashed_squares_wild
D:3:      layout_basic, ebering_ghost_reflecting_pool, nicolae_hexahallways,
          uniq_sigmund
D:4:      minmay_skewed_foursquare, layout_basic, marbit_many_paths,
          cheibrodos_sewer_entry_bend, gammafunk_ghost_nasty_kobolds,
          kennysheep_opposing_triangles
D:5:      layout_loops_corners, fedhas_altar_1, serial_co_window_serial,
          co_window_paths_b, co_window_of_opportunity_a, co_window_paths_a,
          co_window_paths_a, co_window_corner_a, co_window_corner_cb,
          co_window_broadway_c, co_window_corner_cb, glass_columns_a,
          glass_columns_c, hangedman_feature_mirror
D:6:      layout_gridville, mainiacjoe_overflow_six_doors_small,
          uniq_blork_the_orc, uniq_prince_ribbit1, uniq_pikel
D:7:      layout_gridville, grunt_temple_overflow_magic_moments,
          minmay_temple_entry_mini_moons, serial_shops, shop
D:8:      layout_basic, zin_statuary, chequers_serial_rivers_micro_a,
          guppyfry_shop_venom, uniq_psyche
D:9:      layout_gridville, lair_entry_dummy
D:10:     layout_small_grid, elyvilon_altar_3, enter_bailey_3
D:11:     layout_long_grid, minmay_radiant
D:12:     layout_stronghold, david_orc_1_choice, serial_bayou,
          serial_bayou_crossing, serial_bayou_pond_a, serial_bayou_shore_b,
          serial_bayou_pond_b, serial_bayou_lake_a, serial_bayou_lagoon_a,
          minmay_splitting_lines, uniq_frances, uniq_urug
D:13:     layout_loops_ring, david_vaults_5, uniq_rupert
D:14:     evilmike_halls_of_destruction, layout_cave_pods,
          chequers_serial_rivers_micro_a, corner_web_ring
Lair:1:   layout_roguey
Lair:2:   hellmonk_ruined_rings, layout_cave_pods, gauntlet_entry_generic,
          ice2_lemuel, lemuel_fruit_tree
Lair:3:   layout_roguey, minmay_swamp_entry_worms, spider_nest_entry_webs,
          grunt_forest_small_clearing_treed, grunt_megastairs_5,
          serial_bayou_shore_b
Lair:4:   layout_regular_city, infiniplex_staircase_pool, grunt_megastairs_3
Lair:5:   hellmonk_lair_end_abyssal_woods, layout_layer_cave,
          minmay_slime_entry_oklob_enclosed, minmay_lair_oklob_bushes,
          serial_bayou_pond_b, serial_bayou_shore_b
Spider:1: layout_spider_delve, portal_ice_cave_entry_pillars_four,
          uniq_asterion, uniq_mlioglotl
Orc:1:    cheibrodos_orc_guarddog, layout_caves
Orc:2:    st_orc_rangers, layout_caves, abandoned_shop

Skill      XL: |  1  2  3  4  5  6  7  8  9 10 11 12 13 14 15 |
---------------+----------------------------------------------+-----
Spellcasting   | 2 3 4 6 8 10 12 14 | 14.5
Conjurations   | 4 5 6 7 10 11 12 | 12.0
Translocations | 6 7 8 10 | 10.2
Armour         | 5 8 |  8.5
Transmutations | 1 5 |  5.0
Dodging        | 4 |  4.0
Shields        | 5 6 |  6.3
Necromancy     | 5 |  5.5
Fighting       | 2 5 |  5.0
Stealth        | |  1.7

Action                     |  1- 3 |  4- 6 |  7- 9 | 10-12 | 13-15 || total
---------------------------+-------+-------+-------+-------+-------++-------
  Melee: Dagger            |    24 |    36 |       |   103 |    22 ||   185
         Punch             |       |     1 |       |     3 |       ||     4
   Cast: Magic Dart        |   101 |    72 |   112 |   137 |   550 ||   972
         Searing Ray       |       |    13 |    55 |     4 |       ||    72
         Iskenderun's Myst |       |       |    23 |   294 |   223 ||   540
         Ignite Poison     |       |       |       |     5 |       ||     5
         Summon Small Mamm |       |       |       |     1 |       ||     1
         Iskenderun's Batt |       |       |       |    31 |   116 ||   147
         Fulminant Prism   |       |       |       |       |    27 ||    27
  Evoke: Wand              |       |       |       |       |     1 ||     1
    Use: Scroll            |       |       |     7 |     9 |    13 ||    29
         Potion            |       |       |       |     1 |     4 ||     5
 Armour: Robe              |    15 |       |       |       |       ||    15
         Ring mail         |     3 |    22 |    78 |    92 |   107 ||   302
         Troll leather arm |       |       |       |       |    12 ||    12
  Dodge: Dodged            |    22 |    38 |   107 |   198 |   271 ||   636
  Block: Buckler           |       |       |       |     6 |   213 ||   219
         Reflection        |       |       |       |     3 |    73 ||    76
         Tower shield      |       |       |       |       |    28 ||    28
